 Dungeon Crawl Stone Soup version bcrawl-1.21.2-1-g32d02e0829 (webtiles) character file.

Game seed: 12052641121895446736

283 Mrkan the Poker (level 6, -5/48 HPs)
             Began as a Merfolk Gladiator on Feb 23, 2020.
             Was a Believer of Zin.
             Killed by divine providence
             ... invoked by an orc priest
              (14 damage)
             ... on level 4 of the Dungeon.
             The game lasted 00:05:15 (3200 turns).

Mrkan the Poker (Merfolk Gladiator)                 Turns: 3200, Time: 00:05:16

Health: -5/48      AC:  5    Str: 14    XL:     6   Next: 28%
Magic:  6/7        EV: 15    Int:  8    God:    Zin [**....]
Gold:   257        SH:  0    Dex: 17    Spells: 5/5 levels left

rFire    . . .     SeeInvis .   a - +0 trident
rCold    . . .     Gourm    .   (no shield)
rNeg     . . .     Faith    .   b - +0 leather armour
rPois    .         Spirit   .   c - +0 helmet
rElec    .         Reflect  .   (no cloak)
rCorr    .         Harm     .   r - +0 pair of gloves
MR       .....                  (no boots)
Stlth    +.........             (no amulet)
HPRegen  0.16/turn              (no ring)
MPRegen  0.10/turn              (no ring)

@: no status effects
A: change form in water, swift swim, stealthy swim
a: Recite, Vitalisation, Donate Gold, Renounce Religion


You were on level 4 of the Dungeon.
You worshipped Zin.
Zin was pleased with you.
You were not hungry.

You visited 1 branch of the dungeon, and saw 4 of its levels.

You collected 285 gold pieces.
You donated 28 gold pieces to Zin.

Inventory:

Hand Weapons
 a - a +0 trident (weapon)
Missiles
 d - 3 throwing nets (quivered) {!f}
Armour
 b - a +0 leather armour (worn)
 c - a +0 helmet (worn)
 r - a +0 pair of gloves (worn)
Jewellery
 k - an uncursed ring of fire {unknown}
 l - an uncursed ring of resist corrosion {unknown}
 q - an uncursed ring of protection from magic {unknown}
 s - an uncursed ring of resist corrosion {unknown}
Wands
 m - a wand of flame (9)
Scrolls
 f - 2 scrolls of magic mapping {unknown}
 h - 3 scrolls of identify {unknown}
 i - a scroll of blinking {unknown}
 j - 4 scrolls of remove curse {unknown}
 n - a scroll of teleportation {unknown}
 o - a scroll of amnesia {unknown}
Potions
 g - a potion of ambrosia
 p - a potion of flight {unknown}
 t - a potion of heal wounds {unknown}
Comestibles
 e - 4 rations {!d}


   Skills:
 + Level 3.8 Fighting
 * Level 7.4 Polearms
 - Level 2.0 Throwing
 + Level 5.6 Dodging
 + Level 1.3 Invocations


You had 5 spell levels left.
You didn't know any spells.
Your spell library was empty.

Dungeon Overview and Level Annotations

Branches:
Dungeon (4/12)
 Temple: D:4-7

Altars:
Xom
Zin

Annotations:
D:4 Dowan, Duvessa


Message History

The orc priest is heavily wounded.
The orc priest completely misses you.
You hit the orc priest.
The orc priest is severely wounded.
The orc priest calls down the wrath of Beogh upon you.
Beogh smites you! The orc priest barely misses you.
You hit the orc priest.
The orc priest is severely wounded.
The orc priest hits you but does no damage.
The orc priest calls down the wrath of Beogh upon you.
Beogh smites you!
* * * LOW HITPOINT WARNING * * *
You hit the orc priest.
The orc priest is almost dead.
The orc priest hits you but does no damage.
You hit the orc priest but do no damage.
The orc priest is severely wounded.
The orc priest invokes the aid of Beogh against you.
Beogh smites you!
You die...

#.##.#####..####.#
###...............#
.#............#...#
#.................#
.......<###.##.#..#
#..#....# #.##.#..####.
#..###..###..†.........
...# #............###
...# #.....###.#@##
.### #####.# #.#o# .#
#.# #.#o# .# #.# #.#.#
.# ### ###.# #.#.#
.#.... ....# #.#.#
..... ..##. ..... ##.#
#.# ....# ...## #.#
.>..


You could see 2 orc priests.

Vanquished Creatures
  2 crimson imps
  An orc wizard (D:4)
  2 jellies (D:2)
  Terence (D:2)
  An adder (D:2)
  An ooze (D:3)
  2 worms (D:3)
  2 dart slugs
  6 leopard geckos
  4 orcs
  A ball python (D:3)
  7 bats
  2 giant cockroaches (D:2)
  3 goblins
  8 hobgoblins
  An iguana (D:2)
  4 jackals
  A quokka (D:3)
  3 frilled lizards
  11 kobolds
  6 rats
69 creatures vanquished.

Notes
Turn   | Place    | Note
-------+----------+-------------------------------------------
     0 | D:1      | Mrkan the Merfolk Gladiator began the quest for the Orb.
     0 | D:1      | Reached XP level 1. HP: 16/16 MP: 1/1
   116 | D:1      | Reached XP level 2. HP: 23/23 MP: 2/2
   410 | D:1      | Reached skill level 5 in Polearms
   631 | D:1      | Reached XP level 3. HP: 28/28 MP: 3/3
  1131 | D:2      | Found a shimmering altar of Xom.
  1138 | D:2      | Reached skill level 6 in Polearms
  1138 | D:2      | Reached XP level 4. HP: 33/35 MP: 4/4
  1409 | D:2      | Reached skill level 5 in Dodging
  1415 | D:2      | Noticed Terence
  1427 | D:2      | Killed Terence
  1427 | D:2      | Reached XP level 5. HP: 29/41 MP: 5/5
  1596 | D:2      | Found a glowing silver altar of Zin.
  1604 | D:2      | Became a worshipper of Zin the Law-Giver
  1604 | D:2      | Reached * piety under Zin
  1952 | D:2      | Reached ** piety under Zin
  2070 | D:3      | Reached skill level 7 in Polearms
  2730 | D:4      | Noticed Duvessa
  2730 | D:4      | Noticed Dowan
  2743 | D:3      | HP: 1/42 [poisoned by Duvessa]
  3120 | D:4      | Reached skill level 1 in Invocations
  3120 | D:4      | Reached XP level 6. HP: 40/48 MP: 6/6
  3200 | D:4      | Killed from afar by an orc priest

Skill      XL: |  1  2  3  4  5 |
---------------+----------------+-----
Polearms       | 5 6 7 |  7.4
Fighting       | 3 |  3.8
Dodging        | 5 |  5.6
Invocations    | 1 |  1.3
Throwing       | |  2.0

Action                   |  1- 3 |  4- 6 || total
-------------------------+-------+-------++-------
Melee: Trident           |   103 |   182 ||   285
Invok: Recite            |       |     1 ||     1
  Use: Potion            |       |     3 ||     3
 Stab: Sleeping          |     1 |     2 ||     3
  Eat: Chunk             |     1 |     4 ||     5
       Ration            |       |     1 ||     1
Armor: Leather armour    |    37 |    28 ||    65
Dodge: Dodged            |    93 |   114 ||   207
